 Dungeon Crawl Stone Soup version 0.20-a0-544-g2b9a704 (webtiles) character file.

935 Rhoefr the Sneak (level 8, -3/46 HPs)
             Began as an Octopode Earth Elementalist on Jan 31, 2017.
             Slain by a sky beast (4 damage)
             ... on level 5 of the Dungeon.
             The game lasted 00:15:54 (5611 turns).

Rhoefr the Sneak (Octopode Earth Elementalist)      Turns: 5611, Time: 00:15:54

Health: -3/46      AC:  1    Str:  9    XL:     8   Next: 11%
Magic:  9/11       EV: 13    Int: 18    God:
Gold:   161        SH:  0    Dex: 12    Spells: 4/11 levels left

rFire    . . .     SeeInvis .   m - +1 dagger
rCold    . . .     Gourm    .   (no shield)
rNeg     . . .     Faith    .   (helmet restricted)
rPois    .         Spirit   .   (no amulet)
rElec    .         Reflect  .   (no ring)
rCorr    .         Harm     .   (no ring)
MR       +....                  (no ring)
Stlth    ++++......             (no ring)
Regen    0.2/turn               (no ring)
                                (no ring)
                                (no ring)
                                (no ring)

@: no status effects
A: almost no armour, stealthy swim, amphibious, 8 rings, constrict 8, antennae
1, camouflage 1, magic resistance 1, gelatinous body 1
a: no special abilities


You were on level 5 of the Dungeon.
You were very hungry.

You visited 1 branch of the dungeon, and saw 5 of its levels.

You collected 161 gold pieces.

Inventory:

Hand Weapons
 a - a +0 mace
 h - a +0 hand axe
 m - a +1 dagger (weapon)
Missiles
 b - 29 stones (quivered)
Jewellery
 j - an uncursed ring of protection from magic
Scrolls
 f - 3 scrolls of identify
 o - 2 scrolls of remove curse
 q - a scroll of blinking
 u - 2 scrolls of teleportation
Potions
 e - a potion of ambrosia
 k - a potion of curing
 n - a potion of brilliance {unknown}
 s - 2 potions of might
Books
 d - a book of Geomancy

   Spells                             Type                      Level
   a - Sandblast                      Earth                        1
   b - Passwall                       Transmutation/Earth          2
   c - Stone Arrow                    Conjuration/Earth            3
   d - Petrify                        Transmutation/Earth          4
   e - Lee's Rapid Deconstruction     Earth                        5
Comestibles
 c - 3 bread rations
 g - 2 royal jellies
 i - 3 meat rations


   Skills:
 - Level 2.0 Dodging
 + Level 7.5 Stealth
 - Level 2.0 Spellcasting
 * Level 5.8 Transmutations
 + Level 5.5 Earth Magic


You had 4 spell levels left.
You knew the following spells:

 Your Spells              Type           Power        Failure   Level  Hunger
a - Sandblast             Erth           ###...       1%          1    #......
b - Passwall              Tmut/Erth      ###.......   2%          2    ###....
c - Petrify               Tmut/Erth      ###.....     21%         4    #####..


Dungeon Overview and Level Annotations

Branches:
Dungeon (5/15)             Temple (0/1) D:5

Altars:
Sif Muna

Annotations:
D:3 2 exclusions, HEYYEYAAE's ghost, weakling TrBe


Innate Abilities, Weirdness & Mutations

You cannot wear most types of armour.
You are very stealthy in the water. (Stealth+)
You are amphibious.
You can wear up to eight rings at the same time.
You can use your tentacles to constrict eight enemies at once.
Your skin changes colour to match your surroundings (Stealth+).
Your rubbery body absorbs attacks. (AC +1, EV +1)
You have a pair of small antennae on your head.
You are resistant to hostile enchantments. (MR+)


Message History

You hit something but do no damage. You hit something but do no damage.
Something hits you. Something shocks you.
You closely miss something. Something hits you. Something shocks you.
You closely miss something. Something hits you.
* * * LOW HITPOINT WARNING * * *
Something shocks you.
* * * LOW HITPOINT WARNING * * *
You closely miss something.
You are feeling very hungry.
Something barely misses you.
Unknown command.
You hit something but do no damage. Something hits you but does no damage.
You hit something. Something hits you but does no damage.
You hit something. Something hits you.
* * * LOW HITPOINT WARNING * * *
Something shocks you.
* * * LOW HITPOINT WARNING * * *
You miss something. Something hits you but does no damage.
You miss something. Something hits you.
You die...

#..........##.# ###.
#..........##.###...
...................##
###.........##..#....
##......#....##.###
..##### ####......####.# #
..§≈≈.. #........###..###
.≈≈§§≈. ##.###....#...#...
§§§§≈§S #@.###............
§§≈>§§§##{........#.....##
≈≈≈≈≈≈{#...#####....######
.≈§§≈≈.#.#.##..........##.
..≈≈≈......##.............
...Y.......##..........###
..........###..........#
(.........# #..........#
..........# #..........#


There were no monsters in sight!

Vanquished Creatures
  Sigmund (D:5)
  A phantom (D:5)
  An ogre (D:4)
  2 scorpions
  A howler monkey (D:4)
  A crimson imp (D:4)
  2 bullfrog zombies (D:5)
  A quasit (D:5)
  A centaur skeleton (D:4)
  A jelly (D:5)
  3 iguanas
  2 worker ants
  A hound skeleton (D:4)
  6 adders
  2 oozes
  A worm (D:4)
  6 leopard geckos
  2 orcs
  2 ball pythons
  4 giant cockroaches
  7 goblins
  6 hobgoblins
  10 jackals
  7 kobolds
  2 quokkas
  A ball python skeleton (D:5)
  5 bats
  6 frilled lizards
  8 rats
93 creatures vanquished.

Notes
Turn   | Place    | Note
-------+----------+-------------------------------------------
     0 | D:1      | Rhoefr the Octopode Earth Elementalist began the quest for the Orb.
     0 | D:1      | Reached XP level 1. HP: 11/11 MP: 3/3
    77 | D:1      | Reached skill level 3 in Stealth
   146 | D:1      | Reached XP level 2. HP: 14/17 MP: 5/5
   687 | D:1      | Reached skill level 4 in Stealth
   688 | D:1      | Reached XP level 3. HP: 13/21 MP: 6/6
   979 | D:2      | Learned a level 2 spell: Passwall
  1372 | D:2      | Reached XP level 4. HP: 27/27 MP: 7/7
  1525 | D:2      | Found a faded altar of an unknown god.
  1642 | D:2      | Reached skill level 5 in Stealth
  2248 | D:3      | Noticed HEYYEYAAE's ghost (weakling TrBe)
  2474 | D:4      | Reached XP level 5. HP: 29/31 MP: 8/8
  3128 | D:4      | Reached XP level 6. HP: 31/36 MP: 9/9
  3209 | D:4      | Reached skill level 6 in Stealth
  3671 | D:4      | Learned a level 4 spell: Petrify
  4010 | D:4      | Reached XP level 7. HP: 27/41 MP: 10/10
  4071 | D:5      | Entered Level 5 of the Dungeon
  4466 | D:5      | Reached skill level 5 in Earth Magic
  4587 | D:5      | Gained mutation: You have a pair of small antennae on your head. [potion of beneficial mutation]
  4588 | D:5      | Gained mutation: You are resistant to hostile enchantments. (MR+) [potion of beneficial mutation]
  4660 | D:5      | Found a deep blue altar of Sif Muna.
  4764 | D:5      | Reached skill level 7 in Stealth
  4764 | D:5      | Reached skill level 5 in Transmutations
  4887 | D:5      | Noticed Sigmund
  4896 | D:5      | Killed Sigmund
  4896 | D:5      | Reached XP level 8. HP: 16/46 MP: 3/11
  5248 | D:5      | Found a staircase to the Ecumenical Temple.
  5609 | D:5      | HP: 1/46 [something (5)]
  5611 | D:5      | Slain by a sky beast

Vault maps used:
D:1:      dpeg_arrival_shrine, minmay_hexomino_f4
D:2:      chequers_ecumenical_altar_twisty
D:3:      first_bread, nrook_loot_triangle, item_on_display_a
D:5:      minmay_temple_entry_mist, basic_altar, chequers_big_river,
          uniq_sigmund

Skill      XL: |  1  2  3  4  5  6  7 |
---------------+----------------------+-----
Stealth        | 3 4 5 6 7 |  7.5
Earth Magic    | 4 5 |  5.5
Transmutations | 2 3 4 5 |  5.8
Dodging        | |  2.0
Spellcasting   | |  2.0

Action                   |  1- 3 |  4- 6 |  7- 9 || total
-------------------------+-------+-------+-------++-------
Melee: Unarmed           |     6 |       |       ||     6
       Hand axe          |    40 |       |       ||    40
       Mace              |     4 |       |       ||     4
       Constrict         |     9 |    30 |     9 ||    48
       Tentacles         |     4 |    21 |    17 ||    42
       Dagger            |    13 |   123 |    68 ||   204
Throw: Stone             |       |     7 |     2 ||     9
 Cast: Sandblast         |     3 |    15 |    24 ||    42
       Petrify           |       |       |     5 ||     5
  Use: Scroll            |     4 |       |     9 ||    13
       Potion            |       |       |     2 ||     2
 Stab: Sleeping          |    12 |     9 |     3 ||    24
       Petrified         |       |       |     2 ||     2
       Distracted        |       |       |     1 ||     1
  Eat: Chunk             |     1 |     7 |     3 ||    11
       Royal jelly       |       |     1 |       ||     1
       Fruit             |       |       |     3 ||     3
Armor: Skin              |     3 |     4 |    11 ||    18
Dodge: Dodged            |    47 |    80 |    52 ||   179
